 Dungeon Crawl Stone Soup version 0.29.1-15-g9cfb28693d (webtiles) character file.

Game seed: 1871482661605019576

11034 safid the Warrior (level 11, -30/103 HPs)
             Began as a Merfolk Ice Elementalist on Feb 24, 2023.
             Was a Believer of Vehumet.
             Annihilated by a boulder beetle (43 damage)
             ... on level 1 of the Lair of Beasts.
             The game lasted 00:37:03 (12548 turns).

safid the Warrior (Merfolk Ice Elementalist)       Turns: 12548, Time: 00:37:04

Health: -30/103    AC: 18    Str: 10    XL:     11   Next: 71%
Magic:  1/23       EV: 12    Int: 24    God:    Vehumet [**....]
Gold:   417        SH:  5    Dex: 14    Spells: 15/26 levels left

rFire   + + .      SeeInvis +   G - +1 mace of Discord {speed, Int+6}
rCold   . . .      Faith    .   (no shield)
rNeg    + + +      Spirit   .   h - +2 robe {Archmagi}
rPois   +          Reflect  +   m - +0 helmet
rElec   .          Harm     .   x - +0 cloak
rCorr   .          Rampage  .   (no gloves)
Will    .....      Archmagi +   c - +0 pair of boots
Stlth   ++........              H - amulet of reflection
HPRegen 0.27/turn               g - ring of protection from fire
MPRegen 0.18/turn               K - ring "Fyulucuq" {rPois rF+ rN+++ Will- SInv}

@: ice-armoured, freezing walls, studying Fighting
A: (nimble swimmer 2), mertail
a: Renounce Religion


You were on level 1 of the Lair of Beasts.
You worshipped Vehumet.
Vehumet was pleased with you.
You visited 3 branches of the dungeon, and saw 12 of its levels.
You also visited: Ossuary.

You collected 621 gold pieces.
You spent 204 gold pieces at shops.

Inventory:

Hand Weapons
 G - the +1 mace of Discord (weapon) {speed, Int+6}
   (You found it on level 6 of the Dungeon)

   Attacks with this weapon are significantly faster.
   Int:       It affects your intelligence (+6).
Missiles
 s - 3 throwing nets
 E - 3 curare-tipped darts
Armour
 c - a +0 pair of boots (worn)
 h - a +2 robe of the Archmagi (worn)
 m - a +0 helmet (worn)
 x - a +0 cloak (worn)
Jewellery
 g - a ring of protection from fire (left hand)
 H - an amulet of reflection (around neck)
 K - the ring "Fyulucuq" (right hand) {rPois rF+ rN+++ Will- SInv}
   (You found it on level 10 of the Dungeon)

   [ring of protection from fire]

   rF:        It protects you from fire.
   rPois:     It protects you from poison.
   rN:        It renders you almost immune to negative energy.
   SInv:      It lets you see invisible.
   Will:      It decreases your willpower.
Wands
 C - a wand of flame (20)
 D - a wand of charming (6)
 I - a wand of quicksilver (3)
Scrolls
 a - a scroll of fog {unknown}
 i - 5 scrolls of teleportation
 k - 2 scrolls of blinking
 o - 4 scrolls of enchant armour
 q - a scroll of torment {unknown}
 t - a scroll of brand weapon {unknown}
 u - 2 scrolls of magic mapping {unknown}
 y - a scroll of enchant weapon {unknown}
 A - 3 scrolls of amnesia
 F - 2 scrolls of poison {unknown}
Potions
 b - a potion of magic
 d - 3 potions of resistance
 f - a potion of attraction {unknown}
 j - a potion of lignification {unknown}
 l - 4 potions of flight
 n - 3 potions of haste
 p - a potion of berserk rage {unknown}
 r - 7 potions of curing
 v - 3 potions of ambrosia {unknown}
 z - 2 potions of might {unknown}
 B - 2 potions of mutation {unknown}
 J - a potion of invisibility {unknown}


   Skills:
 + Level 15.4 Fighting
 - Level 2.6 Dodging
 - Level 2.1 Stealth
 - Level 8.0 Spellcasting
 + Level 13.8 Ice Magic


You had 15 spell levels left.
You knew the following spells:

 Your Spells              Type           Power      Damage    Failure   Level
a - Freeze                Ice            100%       1d11      1%          1
b - Frozen Ramparts       Ice            100%       1d16      1%          3
c - Ozocubu's Armour      Ice            85%        N/A       1%          3
d - Hailstorm             Conj/Ice       59%        3d13      3%          4

Your spell library contained the following spells:

 Spells                   Type           Power      Damage    Failure   Level
 Magic Dart               Conj           56%        1d5       6%          1
 Ensorcelled Hibernation  Hex/Ice        100%       N/A       1%          2
 Passwall                 Tmut/Erth      11%        N/A       10%         2
 Scorch                   Fire           28%        2d6       10%         2
 Portal Projectile        Hex/Tloc       28%        N/A       19%         3
 Swiftness                Air            14%        N/A       19%         3
 Tukima's Dance           Hex            14%        N/A       19%         3
 Flame Wave               Conj/Fire      14%        2d6       54%         4
 Blade Hands              Tmut           7%         N/A       87%         5
 Summon Cactus Giant      Summ           7%         N/A       100%        6


Dungeon Overview and Level Annotations

Branches:
Dungeon (10/15)            Temple (1/1) D:6            Lair (1/5) D:9
Ossuary (visited)
    Orc: D:9-12

Altars:
Ashenzari
Cheibriados
Dithmenos
Elyvilon
Fedhas
Gozag
Hepliaklqana
Kikubaaqudgha
Makhleb
Nemelex Xobeh
Okawaru
Qazlal
Ru
Sif Muna
Trog
Uskayaw
Vehumet
Wu Jian
Xom
Yredelemnul
Zin
The Shining One
Lugonu

Shops:
D:2 [   D:6 !

Annotations:
D:3 1 runed translucent door, Crazy Yiuf
D:7 2 transporters, sigtrap's ghost, novice TrBe
D:10 2 transporters


Innate Abilities, Weirdness & Mutations

((You are very nimble when in or above water. (Stealth+, EV+, Speed+++)))
Your lower body shifts to a powerful aquatic tail in water.


Message History

A bullfrog comes into view.
Unknown command.
Casting: Freeze (safe; 1% risk of failure)
Confirm with . or Enter, or press ? or * to list all spells.
Casting: Frozen Ramparts (safe; 1% risk of failure)
Press: ? - help, Dir - look around, f - activate You feel a surge of power!
The walls around you are covered in ice.
The wall freezes the boulder beetle but does no damage.
You block the boulder beetle's attack.
The wall freezes the bullfrog!
The bullfrog seems to slow down.
Aiming: Iceblast
Press: ? - help, Shift-Dir - straight line The mass of ice explodes!
The iceblast engulfs the boulder beetle.
The boulder beetle is almost dead.
The now-empty wand crumbles to dust.
The wall freezes the boulder beetle but does no damage.
The boulder beetle leaps!
The wall freezes the bullfrog!
The bullfrog seems to slow down.
The bullfrog closely misses you.
Unknown command.
You hit the bullfrog.
The bullfrog is almost dead.
The wall freezes the bullfrog.
You kill the bullfrog!
Vehumet accepts your kill.
You feel your power returning.
You start resting.
A boulder beetle is nearby!
A boulder beetle is nearby!
The frozen ramparts melt away.
The boulder beetle curls into a ball and begins rolling!
Casting: Frozen Ramparts (safe; 1% risk of failure)
Confirm with . or Enter, or press ? or * to list all spells.
Casting: Frozen Ramparts (safe; 1% risk of failure)
Press: ? - help, Dir - look around, f - activate You feel a surge of power!
The walls around you are covered in ice.
The boulder beetle hits you!!!
You die...

...............#
...............#
...............# .
.....#...#...
..###.#.......# #
..............#.#
............††.○>....#
.........##...#.B.....P
~~~.~..#.#
###.#@......#
~≈≈~~.~~.# #..###..##.#
≈≈≈≈≈~~..####..........
≈≈≈≈≈≈~..P
#.....#...###
≈~~~~~~..####....#....#
≈.>.≈≈~~......B.......#
~~.~≈≈~..........#...##
≈~≈≈≈≈~~######.###...#
≈≈≈≈≈≈~.......... ..#


You could see a boulder beetle (rolling).

Vanquished Creatures
  A two-headed ogre (D:10)
  2 elephants
  Maurice (D:9)
  A cane toad (Lair:1)
  2 kobold demonologists (D:9)
  A troll (D:10)
  Prince Ribbit (D:7)
  Sigmund (D:3)
  A vampire (D:9)
  A wraith (D:9)
  2 basilisks (D:9)
  21 yaks
  A steam dragon (D:8)
  4 vampire mosquitoes (D:10)
  An acid dragon (D:10)
  A water moccasin (D:8)
  An ice beast (D:5)
  An orc warrior (D:9)
  A sky beast (D:8)
  A centaur (D:9)
  2 phantoms (D:5)
  A kobold brigand (D:9)
  4 elf zombies (Ossuary)
  4 bullfrogs
  2 gnoll sergeants
  5 scorpions
  9 wights (D:9)
  2 howler monkeys (D:7)
  4 centaur zombies (Ossuary)
  4 human zombies (Ossuary)
  An orc priest (D:9)
  4 hounds
  2 gnoll boudas
  2 iguanas
  4 orc wizards
  3 mummies (Ossuary)
  Robin (D:2)
  16 gnolls
  8 adders
  A shadow imp (D:6)
  An ufetubus (D:6)
  3 worms
  5 dart slugs
  28 orcs
  7 endoplasms
  7 giant cockroaches
  10 goblins
  8 hobgoblins
  14 kobolds
  3 quokkas
  2 ball pythons
  5 bats
  5 frilled lizards
  A quokka zombie (D:5)
  4 rats
  A rat zombie (D:5)
229 creatures vanquished.

Vanquished Creatures (others)
  Erica (D:8)
  A kobold brigand (D:8)
  A fungus (Lair:1)
  3 plants (D:3)
6 creatures vanquished.

Grand Total: 235 creatures vanquished

Notes
Turn   | Place    | Note
-------+----------+-------------------------------------------
     0 | D:1      | safid the Merfolk Ice Elementalist began the quest for the
                  | Orb.
     0 | D:1      | Reached XP level 1. HP: 13/13 MP: 3/3
   178 | D:1      | Reached skill level 1 in Fighting
   192 | D:1      | Reached XP level 2. HP: 20/21 MP: 1/5
   785 | D:1      | Reached XP level 3. HP: 17/27 MP: 2/7
   910 | D:1      | Learned a level 3 spell: Frozen Ramparts
   914 | D:1      | Learned a level 3 spell: Ozocubu's Armour
  1112 | D:2      | Reached skill level 2 in Fighting
  1140 | D:2      | Noticed Robin
  1151 | D:2      | Killed Robin
  1592 | D:2      | Found Dede's Armour Boutique.
  1607 | D:2      | Reached XP level 4. HP: 21/34 MP: 3/8
  2297 | D:3      | Reached skill level 3 in Fighting
  2327 | D:3      | Found a basalt altar of Yredelemnul.
  2341 | D:3      | Reached XP level 5. HP: 36/41 MP: 3/10
  2511 | D:3      | Found a faded altar of an unknown god.
  2612 | D:3      | Noticed Sigmund
  2735 | D:3      | Killed Sigmund
  2736 | D:3      | Reached skill level 4 in Fighting
  2736 | D:3      | Reached XP level 6. HP: 49/49 MP: 2/12
  2830 | D:3      | Found a runed translucent door.
  2831 | D:3      | Noticed Crazy Yiuf
  3478 | D:4      | Found a shimmering altar of Xom.
  3815 | D:4      | Reached skill level 5 in Fighting
  3815 | D:4      | Found an iron altar of Okawaru.
  3822 | D:4      | Found a stormy altar of Qazlal.
  3822 | D:4      | Found an ornate altar of the Wu Jian Council.
  3829 | D:4      | Found a glowing golden altar of the Shining One.
  4157 | D:5      | Entered Level 5 of the Dungeon
  4163 | D:5      | Reached XP level 7. HP: 55/56 MP: 10/14
  4188 | D:5      | Found a sand-covered staircase.
  4206 | Ossuary  | Entered an ossuary
  4235 | Ossuary  | Reached skill level 5 in Spellcasting
  4269 | Ossuary  | Reached skill level 6 in Fighting
  4441 | Ossuary  | Reached skill level 7 in Fighting
  4628 | Ossuary  | Learned a level 4 spell: Hailstorm
  4727 | Ossuary  | Reached XP level 8. HP: 62/68 MP: 14/16
  4848 | Ossuary  | Reached skill level 8 in Fighting
  5192 | D:5      | Reached skill level 5 in Ice Magic
  5196 | D:5      | Reached skill level 9 in Fighting
  5974 | D:5      | Reached skill level 10 in Fighting
  6357 | D:6      | Found a shadowy altar of Dithmenos.
  6434 | D:6      | Found Irameep's Distillery.
  6438 | D:6      | Bought a potion of haste for 120 gold pieces
  6438 | D:6      | Bought a potion of degeneration for 12 gold pieces
  6438 | D:6      | Bought 2 potions of curing for 72 gold pieces
  6445 | D:6      | Identified the +1 mace of Discord {speed, Int+6}
  6498 | D:6      | Found a staircase to the Ecumenical Temple.
  6537 | Temple   | Entered the Ecumenical Temple
  6763 | D:6      | HP: 3/74 [bullfrog (7)]
  6763 | D:6      | HP: 1/74 [gnoll/+0 halberd[a gnoll bouda] (2)]
  6772 | D:6      | Reached XP level 9. HP: 27/79 MP: 10/19
  6779 | D:6      | Reached skill level 11 in Fighting
  6996 | D:6      | Found a hide-covered altar of Uskayaw.
  7743 | D:7      | Found a burning altar of Makhleb.
  7822 | D:7      | Found a snail-covered altar of Cheibriados.
  7908 | D:7      | Found a transporter.
  7913 | D:7      | Found a transporter.
  7919 | D:7      | Noticed sigtrap's ghost (novice TrBe)
  7929 | D:7      | Noticed Prince Ribbit
  7944 | D:7      | Killed Prince Ribbit
  7945 | D:7      | Reached skill level 12 in Fighting
  8425 | D:8      | Noticed Erica
  8461 | D:8      | Killed Erica
  8656 | D:8      | Found a broken altar of Ashenzari.
  8663 | D:8      | Found a glowing silver altar of Zin.
  8663 | D:8      | Found a sacrificial altar of Ru.
  8664 | D:8      | Found a shimmering blue altar of Sif Muna.
  8667 | D:8      | Found a white marble altar of Elyvilon.
  8668 | D:8      | Found a radiant altar of Vehumet.
  8671 | D:8      | Became a worshipper of Vehumet
  8952 | D:9      | Noticed a kobold demonologist
  8952 | D:9      | Noticed a kobold demonologist
  8956 | D:9      | Noticed an ice devil
  8966 | D:9      | Noticed a rust devil
  8966 | D:9      | Killed a kobold demonologist
  8967 | D:9      | Reached XP level 10. HP: 63/89 MP: 16/22
  8977 | D:9      | Killed a kobold demonologist
  9174 | D:9      | Reached skill level 10 in Ice Magic
  9646 | D:9      | Found a staircase to the Lair.
  9646 | D:9      | Noticed an elephant
  9715 | D:9      | Killed an elephant
  9715 | D:9      | Reached * piety under Vehumet
  9715 | D:9      | Offered knowledge of Shock by Vehumet.
 10064 | D:9      | Noticed Maurice
 10077 | D:9      | Killed Maurice
 11210 | D:10     | Entered Level 10 of the Dungeon
 11236 | D:10     | Found a transporter.
 11259 | D:10     | Reached skill level 13 in Fighting
 11259 | D:10     | Reached XP level 11. HP: 98/98 MP: 17/23
 11601 | D:10     | Noticed a two-headed ogre
 11622 | D:10     | Killed a two-headed ogre
 11624 | D:10     | Reached skill level 14 in Fighting
 11978 | D:10     | Noticed a soul eater
 11980 | D:10     | Found a transporter.
 11989 | D:10     | Identified the ring "Fyulucuq" {rPois rF+ rN+++ Will- SInv}
 12013 | D:10     | Reached ** piety under Vehumet
 12013 | D:10     | Offered knowledge of Magic Dart by Vehumet.
 12017 | D:10     | Reached skill level 15 in Fighting
 12167 | D:10     | Noticed a skeletal warrior
 12168 | D:10     | Noticed a moth of wrath
 12304 | D:10     | Noticed a death drake
 12415 | Lair:1   | Entered Level 1 of the Lair of Beasts
 12480 | Lair:1   | Noticed a boulder beetle
 12548 | Lair:1   | Annihilated by a boulder beetle

Illustrated notes

Levels and vault maps discovered:
D:1:      psy_arrival_statuary, layout_basic, minivault_19
D:2:      layout_rooms, serial_shops, shop, serial_park_tiny_2,
          nicolae_concentric_dashed_squares_mild, uniq_robin
D:3:      layout_basic, lemuel_crystal_altar,
          chequers_ecumenical_altar_simple_redux, serial_bayou_lagoon_a,
          uniq_sigmund, uniq_crazy_yiuf_cottage
D:4:      layout_cave_pools, grunt_temple_overflow_open,
          mainiacjoe_overflow_six_doors_small, minmay_unequal
D:5:      layout_layer_cave, enter_ossuary_4
D:6:      layout_gridville, nicolae_dithmenos_shadow_blocks,
          eat_drink_and_be_merry_uskayaw, minmay_temple_entry_junction_2,
          serial_shops, shop, hex_tiny, nicolae_titane
D:7:      layout_cave_pools, mainiacjoe_overflow_alcove_4,
          mainiacjoe_overflow_brackets, gammafunk_ghost_smash,
          grunt_decor_mini_mirrors, uniq_prince_ribbit1
D:8:      layout_cave_pools, minitemple, uniq_erica
D:9:      layout_basic, david_lair_generic, hex_large, uniq_maurice
D:10:     layout_basic, gammafunk_ghost_abyssal_escape
Temple:   corrupted_temple
Lair:1:   layout_chaotic_city, columned_hall_lemuel,
          dreamdust_mushroom_princess, st_stairs_3, minmay_lair_oklob_bushes,
          infiniplex_staircase_pool_2

Skill      XL: |  1  2  3  4  5  6  7  8  9 10 11 |
---------------+----------------------------------+-----
Fighting       | 1 2 3 4 5 7 10 12 13 15 | 15.4
Spellcasting   | 3 4 5 6 8 |  8.0
Ice Magic      | 5 9 12 13 | 13.8
Dodging        | |  2.6
Stealth        | |  2.1

Action                   |  1- 3 |  4- 6 |  7- 9 | 10-12 || total
-------------------------+-------+-------+-------+-------++-------
Melee: Unarmed           |    26 |       |       |       ||    26
       Spear             |    73 |    56 |       |       ||   129
       Punch             |     1 |     2 |     7 |       ||    10
       Dagger            |       |    33 |   375 |       ||   408
       Mace              |       |       |    63 |   130 ||   193
 Cast: Freeze            |    27 |    31 |    16 |    27 ||   101
       Frozen Ramparts   |     2 |     3 |    24 |    34 ||    63
       Ozocubu's Armour  |       |     2 |    25 |    15 ||    42
       Hailstorm         |       |       |       |     9 ||     9
Evoke: Wand              |       |       |     2 |     7 ||     9
  Use: Potion            |       |     2 |     7 |     4 ||    13
       Scroll            |       |       |     9 |     1 ||    10
 Stab: Sleeping          |     7 |     9 |     3 |       ||    19
       Distracted        |       |     1 |       |       ||     1
Armor: Robe              |    27 |    33 |   175 |    66 ||   301
Dodge: Dodged            |    68 |    62 |   279 |   110 ||   519
Block: Other             |       |       |     5 |    26 ||    31
       Reflection        |       |       |     1 |       ||     1
